 Dungeon Crawl Stone Soup version 0.27-a0-941-g386ccf399c (webtiles) character file.

Game seed: 17752434318754044671

21340 fjekjw the Geomancer (level 12, -5/73 HPs)
             Began as a Gargoyle Earth Elementalist on Apr 11, 2021.
             Was a Believer of Vehumet.
             Slain by a +6 long sword (16 damage)
             ... on level 14 of the Dungeon.
             The game lasted 00:38:06 (17604 turns).

fjekjw the Geomancer (Gargoyle Earth Elementalist) Turns: 17604, Time: 00:38:07

Health: -5/73      AC: 16    Str: 22    XL:     12   Next: 89%
Magic:  19/24      EV: 13    Int: 20    God:    Vehumet [**....]
Gold:   1303       SH:  0    Dex: 10    Spells: 16/27 levels left

rFire    . . .     SeeInvis +   y - +5 dagger (freeze)
rCold    + . .     Faith    .   (no shield)
rNeg     + . .     Spirit   .   c - +1 robe
rPois    ∞         Reflect  .   l - +1 helmet
rElec    +         Harm     .   (no cloak)
rCorr    .         Rampage  .   (no gloves)
Will     .....                  m - +1 pair of boots of the Vaults {Str+3 SInv}
Stlth    ++........             M - amulet of magic regeneration
HPRegen  0.22/turn              d - ring of wizardry
MPRegen  0.44/turn              x - +6 ring of strength

@: no status effects
A: AC +8, negative energy resistance 1, electricity resistance, torment
resistance 1, unbreathing 1, petrification resistance, cold resistance 1
a: Renounce Religion


You were on level 14 of the Dungeon.
You worshipped Vehumet.
Vehumet was pleased with you.
You visited 2 branches of the dungeon, and saw 15 of its levels.
You also visited: Ossuary.

You collected 1485 gold pieces.
You spent 182 gold pieces at shops.

Inventory:

Hand Weapons
 q - a +0 flail
 y - a +5 dagger of freezing (weapon)
Missiles
 b - 249 stones
 D - 3 boomerangs of dispersal
Armour
 c - a +1 robe (worn)
 l - a +1 helmet (worn)
 m - the +1 pair of boots of the Vaults (worn) {Str+3 SInv}
   (You found it on level 4 of the Dungeon)

   It affects your strength (+3).
   It lets you see invisible.
 K - a +2 pair of boots of stealth
Jewellery
 d - a ring of wizardry (left hand)
 x - a +6 ring of strength (right hand)
 L - the ring "Dumo" {Fire rElec Int+4 Dex+2}
   (You found it on level 12 of the Dungeon)

   [ring of fire]

   It enhances your fire magic.
   It affects your intelligence (+4).
   It affects your dexterity (+2).
   It protects you from fire.
   It makes you vulnerable to cold.
   It insulates you from electricity.
 M - an amulet of magic regeneration (around neck)
 P - a +4 ring of evasion
Wands
 s - a wand of iceblast (8)
 C - a wand of polymorph (10)
 G - a wand of random effects (14)
 H - a wand of digging (7)
Scrolls
 g - 2 scrolls of magic mapping
 t - 3 scrolls of enchant armour
 v - 2 scrolls of amnesia
 B - 3 scrolls of teleportation
 F - a scroll of immolation
 N - a scroll of fear
Potions
 a - 3 potions of flight
 f - 3 potions of cancellation
 h - a potion of lignification
 j - 3 potions of curing
 k - 3 potions of attraction
 n - 2 potions of brilliance
 o - 4 potions of mutation
 p - 2 potions of haste {unknown}
 r - a potion of ambrosia
 u - 2 potions of might
 O - a potion of invisibility {unknown}
 Q - 3 potions of heal wounds


   Skills:
 + Level 7.8 Fighting
 + Level 7.2 Maces & Flails
 - Level 6.0 Armour
 + Level 6.2 Dodging
 - Level 2.1 Stealth
 + Level 8.2 Spellcasting
 + Level 9.2 Conjurations
 - Level 0.7 Transmutations
 + Level 11.0 Earth Magic
 + Level 5.7 Evocations


You had 16 spell levels left.
You knew the following spells:

 Your Spells              Type           Power      Damage    Failure   Level
a - Sandblast             Erth           100%       2d20      1%          1
b - Stone Arrow           Conj/Erth      96%        3d13      1%          3
c - Lee's Rapid Deconstr  Erth           25%        3d15*     1%          5
d - Passwall              Tmut/Erth      25%        N/A       1%          2

Your spell library contained the following spells:

 Spells                   Type           Power      Damage    Failure   Level
 Static Discharge         Conj/Air       26%        N/A       1%          3
 Foxfire                  Conj/Fire      100%       2x1d9     1%          1
 Conjure Flame            Conj/Fire      26%        6-21      1%          3
 Animate Skeleton         Necr           16%        N/A       3%          1
 Pain                     Necr           32%        1d5       3%          1
 Petrify                  Tmut/Erth      31%        N/A       3%          4
 Sticky Flame             Conj/Fire      26%        2d5       4%          4
 Spider Form              Tmut/Pois      4%         N/A       9%          3
 Inner Flame              Hex/Fire       8%         N/A       11%         3
 Vampiric Draining        Necr           4%         2d6       11%         3
 Fireball                 Conj/Fire      13%        3d7       14%         5
 Animate Dead             Necr           4%         N/A       32%         4
 Cause Fear               Hex            4%         N/A       32%         4
 Summon Lightning Spire   Summ/Air       8%         N/A       32%         4
 Yara's Violent Unravell  Hex/Tmut       4%         3d4       58%         5
 Agony                    Necr           8%         N/A       65%         5
 Silence                  Hex/Air        4%         N/A       65%         5
 Eringya's Noxious Bog    Tmut/Pois      4%         N/A       98%         6
 Spellforged Servitor     Conj/Summ      13%        N/A       98%         7
 Discord                  Hex            4%         N/A       100%        8


Dungeon Overview and Level Annotations

Branches:
Dungeon (14/15)            Temple (1/1) D:7            Lair (0/6) D:8
    Orc (0/2) D:12        Ossuary (visited)
 Vaults: D:13-14

Altars:
Ashenzari
Cheibriados
Dithmenos
Elyvilon
Fedhas
Gozag
Hepliaklqana
Kikubaaqudgha
Makhleb
Nemelex Xobeh
Okawaru
Qazlal
Ru
Sif Muna
Trog
Uskayaw
Vehumet
Wu Jian
Xom
Yredelemnul
Zin
The Shining One

Shops:
D:5 !   D:7 [


Innate Abilities, Weirdness & Mutations

Your stone body is resilient. (AC +8)
You are immune to poison.
You resist negative energy. (rN+)
You are resistant to electric shocks. (rElec)
You are resistant to unholy torment.
You can survive without breathing.
You are immune to petrification.
Your flesh is cold resistant. (rC+)


Message History

Aiming: Lee's Rapid Deconstruction (dangerous; 1% risk of failure)
Press: ? - help, Dir - move target A rock wall.
The wall shatters!
The blast of rock fragments hits the freezing wraith.
The freezing wraith is severely damaged.
The blast of rock fragments hits the death knight but does no damage.
The death knight is almost dead.
The blast of rock fragments hits the freezing wraith!
The freezing wraith is moderately damaged.
The centaur warrior simulacrum hits you but does no damage.
The centaur warrior simulacrum kicks you but does no damage.
The centaur warrior simulacrum hits you but does no damage.
The centaur warrior simulacrum kicks you but does no damage.
Unknown command.
Unknown command.
Okay, then.
Unknown command.
As you read the scroll of fog, it crumbles to dust.
The scroll dissolves into smoke.
The centaur warrior simulacrum hits you.
The centaur warrior simulacrum freezes you!
You resist.
* * * LOW HITPOINT WARNING * * *
The centaur warrior simulacrum barely misses you.
The death knight offers itself to Yredelemnul, and fills with unholy energy.
The +6 long sword hits you.
* * * LOW HITPOINT WARNING * * *
The centaur warrior simulacrum hits you but does no damage.
The centaur warrior simulacrum barely misses you.
The +6 long sword hits you but does no damage.
Casting: Lee's Rapid Deconstruction (dangerous; 1% risk of failure)
Confirm with . or Enter, or press ? or * to list all spells.
Aiming: Stone Arrow (safe; 1% risk of failure)
Press: ? - help, Shift-Dir - straight line, f - centaur warrior simulacrum
Aim: a centaur warrior simulacrum (purple smoke, 2% to evade)
The stone arrow hits the centaur warrior simulacrum!
The centaur warrior simulacrum is moderately damaged.
The +6 long sword hits you!
You die...

#........W.##.....#
#.......Wp.#.....##
.....[......#..## #...##
#..###§§§.....####
##.....###.. ##§§§......#
#..........###§§§§......#
............#.§§§#.......#
#.........##Z(#§##......##
#)........).@§§.......###
#...............§.§.......#
...........................#
............##...........#.#
............##............
............###........###
..............###......#
.......)......# #.....#
..............# #.##.


You could see a +6 long sword and a centaur warrior simulacrum.

Vanquished Creatures
  A hydra (D:12)
  A boulder beetle (D:13)
  3 centaur warriors
  A catoblepas (D:11)
  2 two-headed ogres (D:11)
  2 tengu warriors (D:12)
  3 skeletal warriors
  A lindwurm (shapeshifter) (D:13)
  A cyclops (D:13)
  2 ugly things
  2 komodo dragons (D:8)
  A freezing wraith (D:14)
  2 tengu conjurers
  A troll (D:13)
  10 slime creatures
  A shadow (D:12)
  9 yaks
  Eustachio (D:4)
  3 wraiths
  5 wyverns
  A basilisk (D:8)
  2 steam dragons
  Menkaure (D:4)
  3 acid dragons
  2 water moccasins
  A black bear (D:5)
  5 orc warriors
  5 necrophages
  An ogre (D:5)
  6 centaurs
  2 phantoms
  2 kobold brigands
  Blork the orc (D:5)
  4 bullfrogs
  2 scorpions (D:5)
  4 killer bees (D:5)
  2 howler monkeys (D:10)
  7 wights
  10 centaur zombies
  3 hounds
  An orc priest (D:7)
  5 jellies
  A gnoll shaman (D:9)
  Natasha (thrice) (D:4)
  16 orc wizards
  A killer bee zombie (D:8)
  A hound skeleton (D:4)
  6 mummies
  2 howler monkey zombies
  9 gnolls
  11 adders
  3 shadow imps
  A white imp (D:7)
  2 ufetubi
  2 adder skeletons (D:4)
  A worm (shapeshifter) (D:13)
  6 dart slugs
  31 orcs
  4 ball pythons
  8 endoplasms
  5 giant cockroaches
  8 goblins
  17 hobgoblins
  4 jackals (D:3)
  5 quokkas
  8 bats
  3 frilled lizards
  A hobgoblin zombie (Ossuary)
  21 kobolds
  4 rats
306 creatures vanquished.

Vanquished Creatures (others)
  An orc wizard (D:10)
  A goblin (D:1)
2 creatures vanquished.

Grand Total: 308 creatures vanquished

Notes
Turn   | Place    | Note
-------+----------+-------------------------------------------
     0 | D:1      | fjekjw the Gargoyle Earth Elementalist began the quest for
                  | the Orb.
     0 | D:1      | Reached XP level 1. HP: 10/10 MP: 3/3
   139 | D:1      | Reached XP level 2. HP: 6/15 MP: 1/5
   140 | D:1      | Reached skill level 4 in Earth Magic
  1284 | D:1      | Reached XP level 3. HP: 19/19 MP: 6/6
  1288 | D:1      | Learned a level 3 spell: Stone Arrow
  1837 | D:2      | Reached skill level 1 in Conjurations
  1844 | D:2      | Reached XP level 4. HP: 24/24 MP: 5/8
  2016 | D:2      | Found a faded altar of an unknown god.
  2545 | D:3      | Reached skill level 5 in Earth Magic
  2885 | D:3      | Reached XP level 5. HP: 19/28 MP: 6/9
  3000 | D:3      | Learned a level 5 spell: Lee's Rapid Deconstruction
  3497 | D:3      | Found a shimmering blue altar of Sif Muna.
  3503 | D:3      | Found a basalt altar of Yredelemnul.
  3537 | D:4      | Identified the +1 pair of boots of the Vaults {Str+3 SInv}
  3728 | D:4      | Noticed Eustachio
  3851 | D:4      | Noticed Natasha
  3861 | D:4      | Killed Natasha
  3862 | D:4      | Reached XP level 6. HP: 31/32 MP: 7/11
  4173 | D:4      | Noticed Menkaure
  4179 | D:4      | Killed Menkaure
  4180 | D:4      | Reached skill level 6 in Earth Magic
  4304 | D:4      | Noticed Natasha
  4418 | D:4      | Killed Natasha
  4419 | D:4      | Reached XP level 7. HP: 32/36 MP: 9/13
  4543 | D:4      | Killed Eustachio
  4750 | D:4      | Noticed Natasha
  4755 | D:4      | Killed Natasha
  4816 | D:5      | Entered Level 5 of the Dungeon
  4973 | D:5      | Reached skill level 7 in Earth Magic
  5095 | D:5      | Reached skill level 5 in Spellcasting
  5095 | D:5      | Reached XP level 8. HP: 9/42 MP: 5/15
  5272 | D:5      | Reached skill level 1 in Fighting
  5272 | D:5      | Reached skill level 1 in Armour
  5384 | D:5      | Reached skill level 1 in Maces & Flails
  5455 | D:5      | Reached skill level 5 in Conjurations
  6059 | D:5      | Noticed Blork the orc
  6064 | D:5      | Killed Blork the orc
  6138 | D:5      | Found a shimmering altar of Xom.
  6313 | D:5      | Found Yddoleh's Distillery.
  6319 | D:5      | Bought 2 potions of curing for 84 gold pieces
  6319 | D:5      | Bought a potion of curing for 42 gold pieces
  6319 | D:5      | Bought a potion of might for 56 gold pieces
  6530 | D:6      | Reached XP level 9. HP: 49/49 MP: 15/17
  6691 | D:6      | Identified the +3 war axe "Xobru" {vorpal, Will+ Int+5}
  7148 | D:6      | Reached skill level 8 in Earth Magic
  7884 | D:7      | Noticed a brown ugly thing
  7899 | D:7      | Killed a brown ugly thing
  7900 | D:7      | Reached skill level 1 in Evocations
  7925 | D:7      | Found a sand-covered staircase.
  7945 | Ossuary  | Entered an ossuary
  8403 | D:7      | Found Osyapt's Antique Armour Shop.
  8608 | D:7      | Reached XP level 10. HP: 54/56 MP: 19/19
  8745 | D:7      | Found an iron altar of Okawaru.
  9175 | D:7      | Found a staircase to the Ecumenical Temple.
  9181 | Temple   | Entered the Ecumenical Temple
  9242 | Temple   | Became a worshipper of Vehumet
  9364 | D:8      | Identified the +1 scale mail of the Barracuda {rF+ Int+5}
  9784 | D:8      | Reached skill level 9 in Earth Magic
  9787 | D:8      | HP: 1/87 [komodo dragon (13)]
 10160 | D:8      | Found a staircase to the Lair.
 10350 | D:8      | Reached skill level 5 in Armour
 10475 | D:8      | Found a glowing golden altar of the Shining One.
 10499 | D:8      | Reached * piety under Vehumet
 10499 | D:8      | Offered knowledge of Magic Dart by Vehumet.
 10908 | D:9      | Reached skill level 5 in Fighting
 11578 | D:9      | Reached skill level 5 in Maces & Flails
 11578 | D:9      | Reached XP level 11. HP: 64/64 MP: 11/21
 11667 | D:9      | Found a sparkling altar of Nemelex Xobeh.
 11761 | D:9      | Gained mutation: Your mind is acute. (Int +2) [potion of
                  | mutation]
 11761 | D:9      | Gained mutation: Your spells are a little easier to cast,
                  | but a little less powerful. [potion of mutation]
 11761 | D:9      | Gained mutation: You possess an exceptional clarity of
                  | mind. [potion of mutation]
 11762 | D:9      | Lost mutation: You possess an exceptional clarity of mind.
                  | [potion of mutation]
 11762 | D:9      | Lost mutation: Your mind is acute. (Int +2) [potion of
                  | mutation]
 11762 | D:9      | Lost mutation: Your spells are a little easier to cast, but
                  | a little less powerful. [potion of mutation]
 11762 | D:9      | Gained mutation: Your flesh is cold resistant. (rC+)
                  | [potion of mutation]
 11762 | D:9      | Gained mutation: You tend to lose your temper in combat.
                  | [potion of mutation]
 11762 | D:9      | Lost mutation: You tend to lose your temper in combat.
                  | [potion of mutation]
 11996 | D:9      | Learned a level 2 spell: Passwall
 12016 | D:10     | Entered Level 10 of the Dungeon
 12585 | D:10     | Found a glowing silver altar of Zin.
 12585 | D:10     | Found an opulent altar of Gozag.
 12591 | D:10     | Identified Sif Muna's Catalogue of Creative Transmutation
 13293 | D:11     | Noticed a two-headed ogre
 13299 | D:11     | Killed a two-headed ogre
 13299 | D:11     | Offered knowledge of Freeze by Vehumet.
 13391 | D:11     | Noticed a two-headed ogre
 13399 | D:11     | Killed a two-headed ogre
 13824 | D:11     | Noticed a centaur warrior
 13839 | D:11     | Killed a centaur warrior
 14042 | D:11     | Identified a scroll of acquirement
 14042 | D:11     | Acquired 647 gold pieces
 14102 | D:11     | Reached ** piety under Vehumet
 14102 | D:11     | Noticed a catoblepas
 14150 | D:11     | Killed a catoblepas
 14151 | D:11     | Reached skill level 5 in Dodging
 14578 | D:12     | Noticed a tengu warrior
 14838 | D:12     | Reached skill level 10 in Earth Magic
 14964 | D:12     | Killed a tengu warrior
 15074 | D:12     | Identified the ring "Dumo" {Fire rElec Int+4 Dex+2}
 15183 | D:12     | Noticed a purple ugly thing
 15187 | D:12     | Noticed a seven-headed hydra
 15197 | D:12     | Killed a purple ugly thing
 15198 | D:12     | Reached XP level 12. HP: 39/71 MP: 5/23
 15199 | D:12     | Killed a seven-headed hydra
 15489 | D:12     | Found a staircase to the Orcish Mines.
 15525 | D:12     | Noticed a tengu warrior
 15536 | D:12     | Killed a tengu warrior
 15614 | D:12     | Reached skill level 5 in Evocations
 16158 | D:13     | Noticed a centaur warrior
 16167 | D:13     | Killed a centaur warrior
 16316 | D:13     | Noticed a boulder beetle
 16320 | D:13     | Noticed a centaur warrior
 16332 | D:13     | Killed a centaur warrior
 16357 | D:13     | Killed a boulder beetle
 17397 | D:14     | Offered knowledge of Static Discharge by Vehumet.
 17571 | D:14     | Noticed a death knight
 17593 | D:14     | Noticed a seven-headed hydra
 17595 | D:14     | Reached skill level 11 in Earth Magic
 17604 | D:14     | Slain by a +6 long sword

Illustrated notes

Levels and vault maps discovered:
D:1:      dpeg_arrival_erosion, layout_loops_ring, minmay_misc_feat_nine_boxes
D:2:      layout_rooms, shapermc_ecumenical_altar_mp_highgroup
D:3:      layout_loops_ring, grunt_temple_overflow_open, minmay_misc_feat_square
D:4:      layout_rooms, grunt_decor_mini_mirrors, st_stairs_8, uniq_eustachio,
          uniq_menkaure, uniq_natasha
D:5:      wad_river_or_something, layout_loops_ring, kennysheep_mini_moat,
          serial_shops, shop, corexii_hall_statues_l, uniq_blork_the_orc
D:6:      cheibrodos_thug_alley, layout_basic
D:7:      layout_loops_ring, lemuel_doored_altar,
          minmay_temple_entry_enclosed_plants,
          lightli_ossuary_entry_decrepit_ruins, serial_undead, serial_undead_d,
          serial_undead_f, serial_undead_d, serial_undead_a, serial_shops,
          shop_statue, chequers_serial_rivers_room_b
D:8:      layout_rooms, general_overflow_altar, erik_lair_dragon
D:9:      layout_basic, nicolae_overflow_hidden_temple
D:10:     layout_basic, grunt_temple_overflow_gold_and_silver,
          hangedman_abyss_or_decor_slice
D:11:     minmay_skewed_foursquare, layout_irregular_city
D:12:     layout_rooms, orc_0_dummy
D:13:     layout_long_grid
D:14:     layout_cave_pools, erik_vaults_1, chequers_jeans
Temple:   nicolae_temple_great_sept

Skill      XL: |  1  2  3  4  5  6  7  8  9 10 11 12 |
---------------+-------------------------------------+-----
Earth Magic    | 4 5 6 7 8 9 10 11 | 11.0
Conjurations   | 1 2 3 4 5 6 7 8 9 |  9.2
Spellcasting   | 3 4 5 6 7 8 |  8.2
Fighting       | 2 4 5 6 7 |  7.8
Armour         | 2 4 5 6 |  6.0
Maces & Flails | 2 3 5 6 7 |  7.2
Dodging        | 2 3 4 5 6 |  6.2
Evocations     | 1 3 4 5 |  5.7
Stealth        | |  2.1
Transmutations | |  0.7

Action                   |  1- 3 |  4- 6 |  7- 9 | 10-12 || total
-------------------------+-------+-------+-------+-------++-------
Melee: Quarterstaff      |    81 |       |       |       ||    81
       Dagger            |       |   234 |   289 |   171 ||   694
       War axe           |       |       |     4 |       ||     4
 Cast: Sandblast         |    14 |    25 |    97 |    56 ||   192
       Stone Arrow       |       |    11 |    21 |   143 ||   175
       Lee's Rapid Decon |       |       |     4 |    40 ||    44
       Passwall          |       |       |       |     1 ||     1
Evoke: Wand              |       |       |       |    28 ||    28
  Use: Scroll            |       |     7 |     8 |    12 ||    27
       Potion            |       |       |     4 |    14 ||    18
 Stab: Sleeping          |     5 |     6 |     2 |       ||    13
Armor: Robe              |    25 |    88 |   195 |   188 ||   496
       Skin              |       |       |       |    10 ||    10
Dodge: Dodged            |    46 |   128 |   190 |   180 ||   544
Block: Other             |       |       |       |    56 ||    56
       Reflection        |       |       |       |     5 ||     5

Table legend: (Time is in decaauts)
 A = Elapsed time spent in this place.
 B = Non-inter-level travel time spent in this place.
 C = Inter-level travel time spent in this place.
 D = Time resting spent in this place.
 E = Time spent auto-exploring this place.
 F = Levels seen in this place.
 G = Mean time per level.
                   A        B        C        D        E       F      G
               +--------+--------+--------+--------+--------+-----+--------+
         Total |  17460 |  16991 |    469 |   3937 |  10278 |  16 | 1091.2 |
       Dungeon |  17033 |  16574 |    459 |   3729 |  10215 |  14 | 1216.6 |
        Temple |     71 |     61 |     10 |      0 |     59 |   1 |   71.0 |
       Ossuary |    355 |    355 |      0 |    208 |      4 |   1 |  355.0 |
               +--------+--------+--------+--------+--------+-----+--------+

Top non-repeatable levels by time:
     D:1: 1854 daAuts
    D:11: 1657 daAuts
     D:9: 1531 daAuts
     D:5: 1510 daAuts
     D:6: 1441 daAuts
     D:8: 1430 daAuts
    D:12: 1334 daAuts
     D:4: 1190 daAuts
    D:13: 1142 daAuts
    D:10: 1035 daAuts
     D:3: 1029 daAuts
     D:7: 982 daAuts
     D:2: 681 daAuts
 Ossuary: 355 daAuts
    D:14: 210 daAuts
